MLB
WASHINGTON NATIONALS @ PITTSBURGH PIRATES
07/04/2099
 
TOP OF THE 1ST
Washington Nationals batting - Pitching for Pittsburgh Pirates : RHP Russ Einhorn
Pitching: RHP Russ Einhorn
Batting: RHB Jon Young 0-0: Ball
1-0: Ball
2-0: Ball
3-0: Called Strike
3-1: Foul Ball, location: 3F
3-2: Strikes out swinging
Batting: RHB Alan Cecil 0-0: Called Strike
0-1: Fly out, F8 (Flyball, 8LD, EV 111.3 MPH)
Batting: LHB Bubba Main 0-0: Ball
1-0: Foul Ball, location: 7LMF
1-1: Foul Ball, location: 2F
1-2: Foul Ball, location: 7LSF
1-2: Strikes out looking
Top of the 1st over - 0 runs, 0 hits, 0 errors, 0 left on base; Washington 0 - Pittsburgh 0
BOTTOM OF THE 1ST
Pittsburgh Pirates batting - Pitching for Washington Nationals : LHP Jimmy Bruder
Pitching: LHP Jimmy Bruder
Batting: RHB Carlos Flores 0-0: Called Strike
0-1: Foul Ball, location: 23F
0-2: Ball
1-2: Strikes out swinging
Batting: SHB Nick Stiles 0-0: Ball
1-0: Called Strike
1-1: Ball
2-1: Swinging Strike
2-2: Foul Ball, location: 7LSF
2-2: Ground out 6-3 (Groundball, 6, EV 81.9 MPH)
Batting: RHB Zachary Gugliotta 0-0: Ball
1-0: Fly out, F9 (Flyball, 9LM, EV 101.9 MPH)
Bottom of the 1st over - 0 runs, 0 hits, 0 errors, 0 left on base; Washington 0 - Pittsburgh 0
TOP OF THE 2ND
Washington Nationals batting - Pitching for Pittsburgh Pirates : RHP Russ Einhorn
Batting: LHB Jose Lara 0-0: Called Strike
0-1: Ball
1-1: Foul Ball, location: 2F
1-2: Ball
2-2: Fly out, F7 (Flyball, 7S, EV 87.5 MPH)
Batting: RHB Mario Garcia 0-0: Ball
1-0: Fly out, F6 (Popup, P, EV 74.4 MPH)
Batting: RHB Ryan Carey 0-0: Ball
1-0: Swinging Strike
1-1: Ball
2-1: Called Strike
2-2: Strikes out swinging
Top of the 2nd over - 0 runs, 0 hits, 0 errors, 0 left on base; Washington 0 - Pittsburgh 0
BOTTOM OF THE 2ND
Pittsburgh Pirates batting - Pitching for Washington Nationals : LHP Jimmy Bruder
Batting: RHB Joey Noles 0-0: Called Strike
0-1: Ball
1-1: Ball
2-1: Called Strike
2-2: Foul Ball, location: 9LDF
2-2: Ball
3-2: DOUBLE (Flyball, 9LD, EV 104.4 MPH)
Batting: RHB Andreas Frick 0-0: Fly out, F9 (Flyball, 89M, EV 93.1 MPH)
Batting: RHB Alex Velazquez 0-0: Ball
1-0: Called Strike
1-1: 2-RUN HOME RUN (Flyball, 7D, EV 98.1 MPH), Distance : 373 ft
Batting: RHB Bryan Dannemiller 0-0: Ground out 6-3 (Groundball, 6, EV 78.8 MPH)
Batting: RHB Chris Ward 0-0: Ball
1-0: Ground out 6-3 (Groundball, 6MS, EV 76.3 MPH)
Bottom of the 2nd over - 2 runs, 2 hits, 0 errors, 0 left on base; Washington 0 - Pittsburgh 2
TOP OF THE 3RD
Washington Nationals batting - Pitching for Pittsburgh Pirates : RHP Russ Einhorn
Batting: RHB Jason Borden 0-0: Called Strike
0-1: Swinging Strike
0-2: Strikes out swinging
Batting: RHB Juan Lozano 0-0: SINGLE (Flyball, 9LS, EV 92.5 MPH)
Batting: RHB Fidel Trinidad 0-0: Swinging Strike
0-1: Called Strike
0-2: Fly out, F6 (Popup, 6MD, EV 46.3 MPH)
Batting: RHB Jon Young 0-0: Called Strike
0-1: Fielders Choice at 2nd, 6-4 (Groundball, 6, EV 82.5 MPH)
Top of the 3rd over - 0 runs, 1 hit, 0 errors, 1 left on base; Washington 0 - Pittsburgh 2
BOTTOM OF THE 3RD
Pittsburgh Pirates batting - Pitching for Washington Nationals : LHP Jimmy Bruder
Batting: RHB Verner Johannsen 0-0: Ball
1-0: Ball
2-0: Ball
3-0: Base on Balls
Batting: RHB Carlos Flores 0-0: Hit by Pitch
Verner Johannsen to second
Batting: SHB Nick Stiles 0-0: Ball
1-0: Fielders Choice at 2nd, 5-4 (Groundball, 56, EV 80.6 MPH)
Verner Johannsen to third
Batting: RHB Zachary Gugliotta 0-0: 3-RUN HOME RUN (Flyball, 7LD, EV 95.0 MPH), Distance : 335 ft
Batting: RHB Joey Noles 0-0: Ground out 5-3 (Groundball, 56S, EV 87.5 MPH)
Batting: RHB Andreas Frick 0-0: Called Strike
0-1: Foul Ball, location: 3DF
0-2: Strikes out swinging
Bottom of the 3rd over - 3 runs, 1 hit, 0 errors, 0 left on base; Washington 0 - Pittsburgh 5
TOP OF THE 4TH
Washington Nationals batting - Pitching for Pittsburgh Pirates : RHP Russ Einhorn
Batting: RHB Alan Cecil 0-0: Called Strike
0-1: DOUBLE (Flyball, 8LD, EV 95.0 MPH)
Batting: LHB Bubba Main 0-0: Foul Ball, location: 3SF
0-1: Swinging Strike
0-2: Strikes out swinging
Batting: LHB Jose Lara 0-0: Called Strike
0-1: Ball
1-1: Called Strike
1-2: Strikes out swinging
Batting: RHB Mario Garcia 0-0: Called Strike
0-1: Called Strike
0-2: Strikes out swinging
Top of the 4th over - 0 runs, 1 hit, 0 errors, 1 left on base; Washington 0 - Pittsburgh 5
BOTTOM OF THE 4TH
Pittsburgh Pirates batting - Pitching for Washington Nationals : LHP Jimmy Bruder
Batting: RHB Alex Velazquez 0-0: Ball
1-0: Called Strike
1-1: Ball
2-1: Ground out 5-3 (Groundball, 56S, EV 63.8 MPH)
Batting: RHB Bryan Dannemiller 0-0: Fly out, F3 (Popup, 3L, EV 70.0 MPH)
Batting: RHB Chris Ward 0-0: Ball
1-0: Ball
2-0: Called Strike
2-1: Ball
3-1: Foul Ball, location: 2F
3-2: Foul Ball, location: 2LF
3-2: Foul Ball, location: 9LDF
3-2: Fly out, F3 (Popup, 34, EV 71.3 MPH)
Bottom of the 4th over - 0 runs, 0 hits, 0 errors, 0 left on base; Washington 0 - Pittsburgh 5
TOP OF THE 5TH
Washington Nationals batting - Pitching for Pittsburgh Pirates : RHP Russ Einhorn
Batting: RHB Ryan Carey 0-0: Foul Ball, location: 3F
0-1: Ball
1-1: Foul Ball, location: 9LMF
1-2: Ball
2-2: Strikes out swinging
Batting: RHB Jason Borden 0-0: Swinging Strike
0-1: Swinging Strike
0-2: Ball
1-2: Ball
2-2: Ball
3-2: Base on Balls
Batting: RHB Juan Lozano 0-0: Called Strike
0-1: Swinging Strike
0-2: Ball
1-2: Ball
2-2: Strikes out swinging
Batting: RHB Fidel Trinidad 0-0: Called Strike
0-1: Swinging Strike
0-2: Strikes out looking
Top of the 5th over - 0 runs, 0 hits, 0 errors, 1 left on base; Washington 0 - Pittsburgh 5
BOTTOM OF THE 5TH
Pittsburgh Pirates batting - Pitching for Washington Nationals : LHP Jimmy Bruder
Batting: RHB Verner Johannsen 0-0: Called Strike
0-1: Ball
1-1: Ball
2-1: Swinging Strike
2-2: Strikes out swinging
Batting: RHB Carlos Flores 0-0: Swinging Strike
0-1: Ball
1-1: Foul Ball, location: 9LSF
1-2: Ball
2-2: Strikes out swinging
Batting: SHB Nick Stiles 0-0: Ball
1-0: Swinging Strike
1-1: Swinging Strike
1-2: Strikes out swinging
Bottom of the 5th over - 0 runs, 0 hits, 0 errors, 0 left on base; Washington 0 - Pittsburgh 5
TOP OF THE 6TH
Washington Nationals batting - Pitching for Pittsburgh Pirates : RHP Russ Einhorn
Batting: RHB Jon Young 0-0: Called Strike
0-1: Swinging Strike
0-2: Strikes out swinging
Batting: RHB Alan Cecil 0-0: Ball
1-0: Foul Ball, location: 2F
1-1: Swinging Strike
1-2: Foul Ball, location: 5SF
1-2: Strikes out looking
Batting: LHB Bubba Main 0-0: Called Strike
0-1: Ball
1-1: Foul Ball, location: 9LMF
1-2: SINGLE (Groundball, 4MD, EV 102.5 MPH)
Batting: LHB Jose Lara 0-0: Ball
1-0: 2-RUN HOME RUN (Flyball, 7D, EV 95.6 MPH), Distance : 369 ft
Batting: RHB Mario Garcia 0-0: SINGLE (Groundball, 6MD, EV 95.6 MPH)
Batting: RHB Ryan Carey 0-0: Ball
1-0: Foul Ball, location: 2F
1-1: Fielders Choice at 2nd, 6-4 (Groundball, 6, EV 88.1 MPH)
Top of the 6th over - 2 runs, 3 hits, 0 errors, 1 left on base; Washington 2 - Pittsburgh 5
BOTTOM OF THE 6TH
Pittsburgh Pirates batting - Pitching for Washington Nationals : LHP Jimmy Bruder
Batting: RHB Zachary Gugliotta 0-0: Ball
1-0: Ball
2-0: SINGLE (Flyball, 8LS, EV 85.0 MPH)
Batting: RHB Joey Noles 0-0: Ball
1-0: Called Strike
1-1: Foul Ball, location: 23F
1-2: Fly out, F9 (Line Drive, 9S, EV 110.0 MPH)
Batting: RHB Andreas Frick 0-0: Called Strike
Zachary Gugliotta is caught stealing 2nd base 2-4
0-1: Foul Ball, location: 25F
0-2: Ball
1-2: SINGLE (Groundball, 6S, EV 65.6 MPH) (infield hit)
Batting: RHB Alex Velazquez 0-0: Called Strike
0-1: Fly out, F7 (Line Drive, 7, EV 105.6 MPH)
Bottom of the 6th over - 0 runs, 2 hits, 0 errors, 1 left on base; Washington 2 - Pittsburgh 5
TOP OF THE 7TH
Washington Nationals batting - Pitching for Pittsburgh Pirates : RHP Russ Einhorn
Batting: RHB Jason Borden 0-0: Swinging Strike
0-1: Ball
1-1: SOLO HOME RUN (Flyball, 9LD, EV 98.1 MPH), Distance : 363 ft
Pitching: RHP Colin Orr
Batting: RHB Juan Lozano 0-0: Ball
1-0: Fly out, F8 (Flyball, 8RD, EV 79.4 MPH)
Batting: RHB Fidel Trinidad 0-0: Ball
1-0: Called Strike
1-1: Ball
2-1: Foul Ball, location: 5FF
2-2: Foul Ball, location: 5F
2-2: Foul Ball, location: 2F
2-2: Fly out, F8 (Flyball, 8RXD, EV 101.3 MPH)
Batting: RHB Jon Young 0-0: Ball
1-0: Called Strike
1-1: Ground out 4-3 (Groundball, 4, EV 81.9 MPH)
Top of the 7th over - 1 run, 1 hit, 0 errors, 0 left on base; Washington 3 - Pittsburgh 5
BOTTOM OF THE 7TH
Pittsburgh Pirates batting - Pitching for Washington Nationals : LHP Jimmy Bruder
Batting: RHB Bryan Dannemiller 0-0: Called Strike
0-1: SINGLE (Line Drive, 89S, EV 94.4 MPH)
Batting: RHB Chris Ward 0-0: Ball
1-0: Called Strike
1-1: Ball
2-1: Ball
3-1: Fielders Choice at 2nd, 5-4 (Groundball, 5S, EV 86.9 MPH)
Batting: RHB Verner Johannsen 0-0: Hit by Pitch
Chris Ward to second
Batting: RHB Carlos Flores 0-0: Called Strike
0-1: Ball
1-1: Swinging Strike
1-2: Ball
2-2: Strikes out swinging
Pitching: RHP Ricky Maldonado
Batting: SHB Nick Stiles 0-0: Ball
1-0: Ball
2-0: DOUBLE (Line Drive, 5D, EV 98.8 MPH)
Chris Ward scores
Verner Johannsen to third
Batting: RHB Zachary Gugliotta 0-0: Called Strike
0-1: Foul Ball, location: 5F
0-2: Ball
Wild Pitch!
Verner Johannsen scores
Nick Stiles to third
1-2: Ball
2-2: Foul Ball, location: 2F
2-2: Fly out, F8 (Flyball, 8LD, EV 93.8 MPH)
Bottom of the 7th over - 2 runs, 2 hits, 0 errors, 1 left on base; Washington 3 - Pittsburgh 7
TOP OF THE 8TH
Washington Nationals batting - Pitching for Pittsburgh Pirates : RHP Colin Orr
Batting: RHB Alan Cecil 0-0: Ball
1-0: Ball
2-0: Foul Ball, location: 2F
2-1: Ball
3-1: Base on Balls
Batting: LHB Bubba Main 0-0: Called Strike
0-1: Ball
1-1: Ball
2-1: SINGLE (Line Drive, 78S, EV 107.5 MPH)
Alan Cecil to second
Pitching: RHP Dana House
Batting: LHB Jose Lara 0-0: Ball
1-0: SINGLE (Line Drive, 8LS, EV 93.8 MPH)
Alan Cecil to third
Bubba Main to second
Batting: RHB Mario Garcia 0-0: Ball
1-0: Called Strike
1-1: Ball
2-1: Grounds into fielders choice 6-2 (Groundball, 6, EV 93.1 MPH)
Bubba Main to third
Jose Lara to second
Batting: RHB Ryan Carey 0-0: Ball
1-0: Foul Ball, location: 9LSF
1-1: Called Strike
1-2: Foul Ball, location: 2F
1-2: Ball
2-2: Foul Ball, location: 7LSF
2-2: Foul Ball, location: 5F
2-2: Ball
3-2: Base on Balls
Bubba Main scores
Jose Lara to third
Mario Garcia to second
Batting: RHB Jason Borden 0-0: Foul Ball, location: 3F
0-1: Swinging Strike
0-2: SINGLE (Groundball, 56, EV 101.9 MPH)
Jose Lara scores
Mario Garcia to third
Ryan Carey to second
Runner from 3rd tries for Home, SAFE, throw by LF to home
Pinch Hitting: SHB Kyle Spencer 0-0: Called Strike
0-1: Ground out U3 (Groundball, 3, EV 85.6 MPH)
Ryan Carey to third
Jason Borden to second
Batting: RHB Fidel Trinidad 0-0: Ball
1-0: Ball
2-0: Ball
3-0: Called Strike
3-1: Foul Ball, location: 3SF
3-2: Ground out 6-3 (Groundball, P, EV 85.6 MPH)
Top of the 8th over - 3 runs, 3 hits, 0 errors, 2 left on base; Washington 6 - Pittsburgh 7
BOTTOM OF THE 8TH
Pittsburgh Pirates batting - Pitching for Washington Nationals : RHP Ricky Maldonado
Now at SS: Kyle Spencer
Batting: RHB Joey Noles 0-0: Ball
1-0: Foul Ball, location: 2F
1-1: Ball
2-1: Swinging Strike
2-2: Foul Ball, location: 5F
2-2: Foul Ball, location: 3DF
2-2: Hit by Pitch
Batting: RHB Andreas Frick 0-0: Swinging Strike
0-1: Foul Ball, location: 3SF
0-2: Strikes out swinging
Batting: RHB Alex Velazquez 0-0: Ball
1-0: Foul Ball, location: 2F
1-1: Ball
2-1: Ball
3-1: Base on Balls
Joey Noles to second
Batting: RHB Bryan Dannemiller 0-0: Called Strike
0-1: Ball
1-1: Fly out, F8 (Flyball, 78M, EV 93.1 MPH)
Batting: RHB Chris Ward 0-0: Swinging Strike
0-1: Ball
1-1: Called Strike
1-2: Fly out, F9 (Flyball, 9D, EV 86.3 MPH)
Bottom of the 8th over - 0 runs, 0 hits, 0 errors, 2 left on base; Washington 6 - Pittsburgh 7
TOP OF THE 9TH
Washington Nationals batting - Pitching for Pittsburgh Pirates : RHP Dana House
Batting: RHB Jon Young 0-0: Ball
1-0: Ball
2-0: Swinging Strike
2-1: Called Strike
2-2: Foul Ball, location: 9LMFF
2-2: Strikes out swinging
Batting: RHB Alan Cecil 0-0: Swinging Strike
0-1: Swinging Strike
0-2: Strikes out swinging, 2-3 out at first.
Batting: LHB Bubba Main 0-0: Ball
1-0: Called Strike
1-1: Swinging Strike
1-2: Strikes out swinging
Top of the 9th over - 0 runs, 0 hits, 0 errors, 0 left on base; Washington 6 - Pittsburgh 7
Friday, May 10th , 2024 - OOTP Baseball 24.11 Build 85